 Dungeon Crawl Stone Soup version 0.30.1-11-g7821555f0a (webtiles) character file.

Game seed: 13804597948596442968

65 Danienth the Magician (level 3, 0/20 HPs)
             Began as a Deep Elf Air Elementalist on Oct 29, 2023.
             Slain by Sigmund
             ... wielding a +0 scythe
              (4 damage)
             ... on level 2 of the Dungeon.
             The game lasted 00:05:29 (2184 turns).

Danienth the Magician (Deep Elf Air Elementalist)   Turns: 2184, Time: 00:05:30

Health: 0/20       AC:  2    Str:  7    XL:     3   Next: 92%
Magic:  6/10       EV: 12    Int: 19    God:
Gold:   23         SH:  0    Dex: 15    Spells: 8/9 levels left

rFire   . . .        g - +0 dagger
rCold   . . .        (no shield)
rNeg    . . .        a - +0 robe
rPois   .            (no helmet)
rElec   .            (no cloak)
rCorr   .            (no gloves)
SInv    .            (no boots)
Will    .....        (no amulet)
Stlth   +            (no ring)
HPRegen 0.23/turn    (no ring)
MPRegen 0.12/turn

%: no passive effects
@: confused
A: no striking features
a: no special abilities


You were on level 2 of the Dungeon.
You visited 1 branch of the dungeon, and saw 2 of its levels.

You collected 23 gold pieces.

Inventory:

Hand Weapons
 g - a +0 dagger (weapon)
Missiles
 k - 4 javelins
Armour
 a - a +0 robe (worn)
 f - an orb of guile
Wands
 l - a wand of flame (2)
Scrolls
 b - a scroll of butterflies {unknown}
 c - 2 scrolls of teleportation {unknown}
 d - 2 scrolls of identify {unknown}
 j - a scroll of silence {unknown}
 m - 3 scrolls of magic mapping {unknown}
Potions
 e - a potion of degeneration {unknown}
 h - a potion of haste
 i - a potion of brilliance {unknown}
 n - a potion of might {unknown}


   Skills:
 + Level 1.4 Fighting
 * Level 1.8 Short Blades
 - Level 2.4 Dodging
 - Level 2.4 Stealth
 + Level 3.8 Spellcasting
 - Level 1.5 Conjurations
 - Level 3.1 Air Magic


You had 8 spell levels left.
You knew the following spells:

 Your Spells              Type           Power      Damage    Failure   Level
a - Shock                 Conj/Air       48%        1d6       5%          1

Your spell library contained the following spells:

 Spells                   Type           Power      Damage    Failure   Level
 Static Discharge         Conj/Air       24%        2-3/arc   9%          2
 Swiftness                Air            15%        N/A       12%         3
 Vhi's Electric Charge    Tloc/Air       18%        N/A       22%         3
 Airstrike                Air            7%         2d(2-18)  36%         4
 Arcjolt                  Conj/Air       6%         1d16      83%         5
 Maxwell's Capacitive Co  Air            7%         ∞         100%        8


Dungeon Overview and Level Annotations

Branches:
Dungeon (2/15)

Altars:

Annotations:
D:2 Sigmund


Message History

Aim: Sigmund, wielding a +0 scythe and wearing a +0 robe (64% to hit)
The zap hits Sigmund.
Sigmund is lightly wounded.
Sigmund drinks a potion.
Sigmund seems to speed up.
Casting: Shock (safe; 5% risk of failure)
Confirm with . or Enter, or press ? or * to list all spells.
Aiming: Shock (safe; 5% risk of failure)
Press: ? - help, Shift-Dir - straight line, f/p - Sigmund
Aim: Sigmund, wielding a +0 scythe and wearing a +0 robe (lightly wounded, fast, 64% to hit)
The zap hits Sigmund.
Sigmund is lightly wounded.
Sigmund barely misses you.
Casting: Shock (safe; 5% risk of failure)
Confirm with . or Enter, or press ? or * to list all spells.
Aiming: Shock (safe; 5% risk of failure)
Press: ? - help, Shift-Dir - straight line, f/p - Sigmund
Aim: Sigmund, wielding a +0 scythe and wearing a +0 robe (lightly wounded, fast, 64% to hit)
The zap misses Sigmund.
Sigmund closely misses you.
Casting: Shock (safe; 5% risk of failure)
Confirm with . or Enter, or press ? or * to list all spells.
Aiming: Shock (safe; 5% risk of failure)
Press: ? - help, Shift-Dir - straight line, f/p - Sigmund
Aim: Sigmund, wielding a +0 scythe and wearing a +0 robe (lightly wounded, fast, 64% to hit)
The zap hits Sigmund.
Sigmund is moderately wounded.
Sigmund gestures wildly while chanting.
Sigmund flickers and vanishes!
Deactivating autopickup; reactivate with Ctrl-A.
Something hits you!
Casting: Shock (safe; 5% risk of failure)
Confirm with . or Enter, or press ? or * to list all spells.
You can't see any susceptible monsters within range! (Use Z to cast anyway.) Unknown command.
You hear some strange, mumbled words.
You are confused.
A puff of flame appears from out of thin air!
The puff of flame hits you.
* * * LOW HITPOINT WARNING * * *
You bump into the rock wall.
Something hits you.
You die...

...#
#.#......###.##########
...# #.#####........#
...# ##.#..<#.####.#.#
...# #..#.##.....#.#.#
...# #..#........#.#.#
...# #..##########.#.#
...# ##.........# #.#.#
...####..#######.#
#†#.#
#####.........##@#
#.#.# #.#.......##.#
#.#.# ####.#.......##.#
#.#.#
##....#.......##.#
#...#
...####.......##.#
#.###
#.........######.# ###
..........# #.#
#.........# #.#
..........# #....#


There were no monsters in sight!

Vanquished Creatures
  2 adders (D:2)
  2 worms (D:2)
  5 ball pythons
  2 endoplasms (D:1)
  A giant cockroach (D:2)
  5 goblins
  4 hobgoblins
  3 kobolds
  2 quokkas (D:2)
  6 bats
  3 frilled lizards (D:1)
  5 rats
40 creatures vanquished.

Notes
Turn   | Place    | Note
-------+----------+-------------------------------------------
     0 | D:1      | Danienth the Deep Elf Air Elementalist began the quest for
                  | the Orb.
     0 | D:1      | Reached XP level 1. HP: 10/10 MP: 6/6
   308 | D:1      | Reached XP level 2. HP: 16/16 MP: 5/8
   581 | D:1      | Reached skill level 1 in Fighting
  1348 | D:2      | Reached XP level 3. HP: 20/20 MP: 4/9
  1453 | D:2      | Reached skill level 1 in Short Blades
  2171 | D:2      | Noticed Sigmund
  2184 | D:2      | Slain by Sigmund

Illustrated notes

Levels and vault maps discovered:
D:1:      sevenhm_arrival_forest_fort_small_6, layout_loops_ring, minivault_25,
          minmay_split_cup_small
D:2:      layout_basic, uniq_sigmund

Skill      XL: |  1  2  3 |
---------------+----------+-----
Fighting       | 1 |  1.4
Short Blades   | 1 |  1.8
Dodging        | |  2.4
Stealth        | |  2.4
Spellcasting   | |  3.8
Conjurations   | |  1.5
Air Magic      | |  3.1

Action                     || total
---------------------------++-------
  Melee: Dagger            ||     3
   Cast: Shock             ||    91
    Use: Potion            ||     1
 Armour: Robe              ||     3
  Dodge: Dodged            ||    16
